[Event "Late-Titled-Tuesday-Blitz-July-09-2024"]
[Site "Chess.com"]
[Date "2024.07.09"]
[Round "6"]
[White "Rud_Makarian"]
[Black "GoltsevDmitry2000"]
[Result "1/2-1/2"]
[WhiteElo "2982"]
[BlackElo "2785"]
[TimeControl "180+1"]
[EndTime "15:05:49 PDT"]
[Termination "Game drawn by repetition"]

1. Nf3 d5 2. c4 dxc4 3. e3 Nf6 4. Bxc4 e6 5. O-O a6 6. d4 b5 7. Bd3 Bb7 8. a4 bxa4 9. Rxa4 Nbd7 10. Qe2 a5 11.
Bd2 c6 12. Na3 Nb6 13. Rxa5 Nbd5 14. Rxa8 Qxa8 15. e4 Nb4 16. Bc4 Be7 17. Ra1 Qb8 18.
Bg5 O-O 19. e5 Nfd5 20. Bxe7 Nxe7 21. Qd2 c5 22. dxc5 Bxf3 23. gxf3 Nbc6 24. Be2 Nxe5 25. b4 Rd8 26. Qc3 Nd5 27. Qb2 Nf4 28. Nc4 Nxc4 29.
Bxc4 h6 30. Bf1 Rd5 31. c6 Rh5 32. h3 Nxh3+ 33. Bxh3 Rxh3 34. Qc3 Qc7 35. b5 Rh5 36. b6 Rg5+ 37. Kf1 Qxb6 38. c7 Qb5+ 39. Ke1 Re5+ 40. Kd2 Qe2+ 41. Kc1 Qf1+ 42. Kb2 Qxf2+ 43. Ka3 Qa7+ 44.
Kb2 Qf2+ 45. Kb3 Qb6+ 46. Kc2 Qf2+ 47. Kb3 Qb6+ 48. Kc2 Qf2+ 49. Kb3 1/2-1/2

[Event "Late-Titled-Tuesday-Blitz-July-09-2024"]
[Site "Chess.com"]
[Date "2024.07.09"]
[Round "6"]
[White "Nbk90"]
[Black "Al_Shima"]
[Result "0-1"]
[WhiteElo "2243"]
[BlackElo "2484"]
[TimeControl "180+1"]
[EndTime "15:05:49 PDT"]
[Termination "Al_Shima won by resignation"]

1. e4 d5 2. exd5 Nf6 3. Nc3 Nxd5 4. Nxd5 Qxd5 5. d4 Nc6 6. c3 e5 7. dxe5 Qxd1+ 8. Kxd1 Nxe5 9. Bf4 Bg4+ 10. f3 O-O-O+ 11.
Ke2 Ng6 12. Be3 Bf5 13. Kf2 Be7 14. Bc4 Ne5 15. Be2 Nd3+ 16. Bxd3 Rxd3 17. Ne2 Re8 18. Nd4 Bh4+ 19. g3 Rdxe3 20. gxh4 Bd7 21. Rhe1 Rxe1 22.
Rxe1 Rxe1 23. Kxe1 c5 24. Nb3 b6 25. Ke2 Be6 26. Nd2 Kd7 27. a3 Kd6 28. Ke3 Ke5 29. b4 Bd5 30. c4 Bc6 31. bxc5 bxc5 32. f4+ Kd6 33. Ne4+ Bxe4 34. Kxe4 g6 35. f5 f6 36. a4 a5 37. h3 gxf5+ 38. Kxf5 Ke7 39. h5 Kf7 40. h6 Ke7 41. h4 Kf7 42. h5 Ke7 43. Ke4 Ke6 44. Kf4 f5 45. Kg5 Ke5 46. Kh4 Kf4 47.
Kh3 Ke3 48. Kh4 f4 49. Kg5 f3 50. Kf6 f2 51. Kg7 f1=Q 52. Kxh7 Qf7+ 53. Kh8 Qxh5 54. h7 Qxh7+ 55. Kxh7 Kd4 56. Kg6 Kxc4 57. Kf5 Kb3 58. Ke4 c4 59. Ke3 c3 60. Kd3 c2 61. Kd2 Kb2 62. Kd3 c1=Q 63. Kd4 Qa1 64. Ke4 Qxa4+ 65. Ke5 Qb4 66. Kf5 a4 67. Kg6 a3 68. Kf7 a2 69.
Kg8 a1=Q 70. Kf7 Qa6 71. Ke8 Qbb7 0-1

[Event "Late-Titled-Tuesday-Blitz-July-09-2024"]
[Site "Chess.com"]
[Date "2024.07.09"]
[Round "6"]
[White "schachlana"]
[Black "mbachez"]
[Result "0-1"]
[WhiteElo "2363"]
[BlackElo "2620"]
[TimeControl "180+1"]
[EndTime "15:05:51 PDT"]
[Termination "mbachez won by resignation"]

1. e4 Nf6 2. e5 Nd5 3. c4 Nb6 4.
d4 d6 5. f4 dxe5 6. fxe5 Nc6 7.
Nf3 Bg4 8. Be3 e6 9. Be2 Bb4+ 10. Nc3 Bxf3 11. gxf3 Ne7 12. O-O Nf5 13. Bf2 O-O 14.
a3 Be7 15. Ne4 Bh4 16. Bxh4 Qxh4 17. d5 exd5 18. cxd5 Ne3 19. Qe1 Qxe1 20. Rfxe1 Nbxd5 21. Rac1 c6 22. Nd6 Rab8 23. Kf2 Rfd8 24. Bd3 f6 25. Rxe3 fxe5 26. Nf5 Nxe3 27. Kxe3 g6 28. Bc4+ Kf8 29. Nh6 Rd4 30. Ng4 Re8 31. Nxe5 Rxc4 32. Rxc4 Rxe5+ 33. Kd4 Rh5 34. Rc2 Ke7 35. Ke4 Ke6 36. Rd2 Rh4+ 37.
Ke3 g5 38. Rg2 h6 39. Rd2 a5 40. Rc2 a4 41. Rd2 c5 42. Rc2 b6 43. Rd2 Rh3 44. Ke4 Rh4+ 45. Ke3 Rf4 46. Rd8 Rc4 47. Rb8 Rc2 48.
Rxb6+ Ke5 49. h3 h5 50. Kd3 Rh2 51. Rg6 Kf5 52. Rc6 Rxh3 53. Rxc5+ Kf6 54. Ke4 Rh4+ 55. Ke3 Rh1 56. Rc6+ Kf7 57. Rc5 Rg1 58. f4 Rg3+ 59. Ke4 h4 60. fxg5 h3 61. Rc1 Rxg5 62. Rh1 Rh5 63. Kf3 Ke6 64. Kg3 Kd5 65. Rxh3 Rxh3+ 66. Kxh3 Kc4 67. Kg3 Kb3 68. Kf3 Kxb2 69. Ke3 Kxa3 70. Kd2 Kb2 0-1

[Event "Late-Titled-Tuesday-Blitz-July-09-2024"]
[Site "Chess.com"]
[Date "2024.07.09"]
[Round "6"]
[White "slidingknight2775"]
[Black "Patricius007"]
[Result "1-0"]
[WhiteElo "2735"]
[BlackElo "2552"]
[TimeControl "180+1"]
[EndTime "15:05:52 PDT"]
[Termination "slidingknight2775 won by checkmate"]

1. c4 e6 2. Nf3 d5 3. e3 c5 4. cxd5 exd5 5. d4 Nf6 6. b3 Be7 7. Bb2 Nc6 8. Bb5 O-O 9. O-O Bg4 10. Be2 Ne4 11. Nbd2 Bf6 12. h3 Bh5 13. Ne5 Bxe2 14. Qxe2 Bxe5 15. dxe5 Re8 16. f4 Ng3 17. Qg4 Nxf1 18.
Rxf1 d4 19. Ne4 Qc8 20. Nf6+ Kh8 21. Nxe8 Qxg4 22. hxg4 Rxe8 23. exd4 cxd4 24. Rd1 Rd8 25. Kf2 f6 26. exf6 gxf6 27. a3 Kg7 28. b4 a6 29. Kf3 Kf7 30. Rd2 Rd7 31. g3 Kg6 32. Rd3 Rd8 33. Ba1 Kf7 34. Ke4 Re8+ 35. Kf3 Rd8 36.
Ke2 Ke6 37. Rd1 Kd5 38. Rh1 Rd7 39. Kd3 Re7 40. Rh5+ Kd6 41. Bxd4 Re1 42. Bxf6 Rg1 43. g5 Rxg3+ 44. Ke4 Rxa3 45. Rxh7 Rg3 46. Rxb7 Rg1 47. b5 axb5 48. Rxb5 Re1+ 49. Kf5 Na7 50. Re5 Rg1 51.
Re6+ Kd5 52. Re2 Nc8 53. Rd2+ Kc6 54. Ke6 Re1+ 55. Be5 Rg1 56. Rc2+ Kb7 57. Rc7+ Kb8 58. Rc1+ Ka8 59. Rxg1 Na7 60. Ra1 Kb7 61. Rxa7+ Kc6 62. Rc7+ Kb5 63. Rc3 Kb6 64. g6 Kb5 65. g7 Kb6 66.
g8=Q Kb5 67. Qb8+ Ka6 68. Ra3# 1-0

[Event "Late-Titled-Tuesday-Blitz-July-09-2024"]
[Site "Chess.com"]
[Date "2024.07.09"]
[Round "6"]
[White "vladjianu"]
[Black "jbking07"]
[Result "0-1"]
[WhiteElo "2628"]
[BlackElo "2469"]
[TimeControl "180+1"]
[EndTime "15:05:52 PDT"]
[Termination "jbking07 won on time"]

1. d4 Nf6 2. c4 e6 3. Nf3 d5 4. g3 Bb4+ 5. Bd2 Be7 6. Bg2 O-O 7.
O-O Nbd7 8. Qc2 c6 9. Rd1 b6 10. Bf4 Bb7 11. Ne5 Nxe5 12. dxe5 Nd7 13. cxd5 cxd5 14. e4 dxe4 15. Bxe4 Bxe4 16. Qxe4 Nc5 17. Qe2 Qc8 18. Nc3 Qb7 19. b4 Na6 20. a3 Rad8 21.
Ne4 Nb8 22. h4 Nc6 23. Qe3 Rd5 24. Nc3 Rxd1+ 25. Rxd1 Rd8 26. Rxd8+ Nxd8 27. Bg5 f6 28. exf6 gxf6 29. Bh6 Qd7 30. Qe4 f5 31. Qe5 Bd6 32.
Qd4 Nc6 33. Qe3 Be7 34. Ne2 Bf6 35. Bg5 Bg7 36. Nf4 h6 37. Nxe6 hxg5 38. Nxg5 Nd4 39.
Kh2 Bf6 40. Nh3 Kf7 41. Nf4 Qc6 42. Qd3 Qe4 43. Qc4+ Ne6 44. Qb3 Qe1 45. Kg2 Bd4 46.
Qa2 Qe4+ 47. Kh2 Kf6 48. Nd5+ Ke5 49. Ne7 Qf3 50. Ng6+ Kf6 51. h5 Bxf2 52. Qb2+ Bd4 53. Qd2 Qxh5+ 54. Nh4 f4 55. Kg2 Qg4 56. Nf3 Be3 57.
Qc3+ Ke7 0-1

[Event "Late-Titled-Tuesday-Blitz-July-09-2024"]
[Site "Chess.com"]
[Date "2024.07.09"]
[Round "6"]
[White "Fandorine"]
[Black "AcostaPablo"]
[Result "1-0"]
[WhiteElo "2921"]
[BlackElo "2706"]
[TimeControl "180+1"]
[EndTime "15:05:54 PDT"]
[Termination "Fandorine won by resignation"]

1. d4 d5 2. c4 e6 3. Nf3 Nf6 4. Nc3 Be7 5. g3 O-O 6. Bg2 dxc4 7. Ne5 Nbd7 8. Nxc4 c5 9. O-O cxd4 10. Qxd4 Nb6 11.
Qxd8 Rxd8 12. Nxb6 axb6 13. Bf4 Bc5 14. Rfd1 Re8 15. h3 e5 16. Bg5 Bd4 17. Rac1 Be6 18. a3 Nd7 19. Bxb7 Rab8 20. Bg2 h6 21. Bd2 Bb3 22.
Rf1 Nf6 23. e3 Bc5 24. Ne4 Nxe4 25. Bxe4 Rbd8 26. Bc3 g6 27. g4 Kg7 28. Kg2 Kf6 29. Rce1 Ke6 30. Rc1 f5 31. Bc2 Bd5+ 32. Kh2 Rf8 33.
gxf5+ gxf5 34. Rg1 Rf6 35. b4 Bd6 36. Rgd1 Rc8 37. Bb1 Rg8 38. Rxd5 Rfg6 39. Ba2 Rg2+ 40. Kh1 R8g6 41. Rd2+ Ke7 42. Rcd1 R2g5 43. Rxd6 Rxd6 44. Rxd6 Kxd6 45. Bxe5+ Ke7 46. Bf4 Rg6 47. Bc4 Rc6 48. Bd3 Kf6 49. a4 Rc3 50. Bb5 h5 51. Kg2 Rb3 52. Bc7 Rxb4 53. Bxb6 f4 54. exf4 Kf5 55. Be3 Rb3 56. Bd7+ Kf6 57. a5 Ra3 58. Bb6 Ke7 59.
Bc8 Kf6 60. Bb7 Kf5 61. a6 Kxf4 62. a7 Rxa7 63. Bxa7 h4 64. Be3+ Kf5 65. Bf3 Kg6 66. Bg4 Kf6 67. f4 Kg6 68. Bf2 Kf6 69. Bxh4+ Kg6 70. Bg3 Kh7 71. h4 1-0

[Event "Late-Titled-Tuesday-Blitz-July-09-2024"]
[Site "Chess.com"]
[Date "2024.07.09"]
[Round "6"]
[White "Ganziitoo"]
[Black "Redzishchess"]
[Result "1-0"]
[WhiteElo "2365"]
[BlackElo "2459"]
[TimeControl "180+1"]
[EndTime "15:05:54 PDT"]
[Termination "Ganziitoo won by resignation"]

1. e4 c5 2. Nf3 d6 3. d4 cxd4 4. Nxd4 Nf6 5. Nc3 g6 6. Be3 Bg7 7. f3 O-O 8. Qd2 Nc6 9. O-O-O d5 10. exd5 Nxd5 11. Nxc6 bxc6 12. Bd4 e5 13. Bc5 Re8 14. Bc4 Be6 15. Ne4 Qc7 16. g4 Red8 17. Qf2 h6 18.
h4 Rab8 19. Bb3 a5 20. g5 h5 21. Rd2 Ra8 22. Bxd5 Rxd5 23. Rhd1 Qb7 24. Nf6+ Bxf6 25.
gxf6 Rad8 26. Qe3 Kh7 27. Rxd5 cxd5 28. Qxe5 Qc6 29. Be3 Bf5 30. Rd2 Re8 31. Qf4 Qxf6 32.
Qh6+ Kg8 33. Qf4 Rxe3 34. Qxe3 Qxh4 35. Rxd5 Qc4 36. Rd8+ Kh7 37. Qc3 Qxc3 38. bxc3 h4 39. Rd2 Be6 40. c4 Bxc4 41. Rd4 Bxa2 42. Rxh4+ Kg7 43.
Ra4 Bd5 44. f4 Kf6 45. Rxa5 Be4 46. Kd2 Bf5 47. c4 Ke6 48. Ke3 Kd6 49. Kd4 Be6 50.
c5+ Kc6 51. Ra6+ Kb5 52. Rb6+ 1-0

[Event "Late-Titled-Tuesday-Blitz-July-09-2024"]
[Site "Chess.com"]
[Date "2024.07.09"]
[Round "6"]
[White "wild3000"]
[Black "Robert_Oros"]
[Result "0-1"]
[WhiteElo "2450"]
[BlackElo "2329"]
[TimeControl "180+1"]
[EndTime "15:05:54 PDT"]
[Termination "Robert_Oros won on time"]

1. d4 e6 2. Nf3 Nf6 3. a3 b6 4.
c4 Bb7 5. b4 a5 6. b5 g6 7. Bb2 Bg7 8. e3 O-O 9. Be2 Ne4 10.
Nbd2 f5 11. O-O d6 12. Nxe4 fxe4 13. Nd2 Nd7 14. Qc2 e5 15. Nxe4 Qh4 16. Ng3 exd4 17. exd4 Bxd4 18. Bxd4 Qxd4 19. Rad1 Qf4 20. Bd3 Ne5 21. Be4 Bxe4 22. Nxe4 Ng4 23. Ng3 Rae8 24. Qd2 Qxc4 25. Rc1 Qf7 26. h3 Ne5 27. f3 Nc4 28. Qc3 Ne3 29. Rf2 Nd5 30. Qd4 Re5 31. Ne4 Qf4 32. Qd1 Rfe8 33. Rc4 Qf5 34. Rfc2 Nf4 35. Rxc7 Nxh3+ 36. gxh3 Rf8 37. Rf2 Rxe4 38. Qb3+ Re6 39. Qc3 Qg5+ 40. Kf1 Qf6 41. Qxf6 Rexf6 42. Kg2 Re8 43.
Rc6 Re5 44. Rxb6 Re3 45. a4 Ra3 46. Ra6 Rxa4 47. Rd2 Rb4 48. Rxa5 Kg7 49. Ra6 Kh6 0-1

[Event "Late-Titled-Tuesday-Blitz-July-09-2024"]
[Site "Chess.com"]
[Date "2024.07.09"]
[Round "6"]
[White "Noki102"]
[Black "Flawless_Fighter"]
[Result "1-0"]
[WhiteElo "2574"]
[BlackElo "2748"]
[TimeControl "180+1"]
[EndTime "15:05:59 PDT"]
[Termination "Noki102 won by resignation"]

1. Nc3 Nc6 2. d4 e6 3. Bf4 Nf6 4. Nf3 Bb4 5. Qd3 O-O 6. a3 Bxc3+ 7. Qxc3 Nd5 8. Qd2 Nxf4 9. Qxf4 d6 10. e3 Qe7 11. Be2 e5 12. dxe5 dxe5 13. Qe4 g6 14. h4 Bf5 15. Qc4 h5 16. Ng5 Rad8 17. Qc3 f6 18.
Nf3 Kg7 19. Nd2 Rd7 20. O-O-O Rfd8 21. f3 Be6 22. g4 hxg4 23. fxg4 Rh8 24. Bb5 Bxg4 25.
Bxc6 bxc6 26. Rdg1 Bh5 27. Qxc6 Qd6 28. Qc3 Rhd8 29.
Rh2 Qd5 30. b3 Rd6 31. Nc4 Rc6 32. Kb2 Qe6 33. Rd2 Rxd2 34. Qxd2 Qe7 35. e4 Ra6 36. Qe3 Kh7 37. a4 Rc6 38. Rg2 a6 39. Rd2 Qg7 40.
Rd5 Re6 41. Rc5 Re7 42. Qc3 Qf7 43. Ne3 Bf3 44. Nd5 Bxe4 45. Nxe7 c6 46. Nxc6 g5 47.
Nb4 gxh4 48. Rc7 Bg6 49. Rxf7+ Bxf7 50. Qh3 Bg6 51. Qxh4+ Kg7 52. Nd5 f5 53. Qf6+ Kh6 54. Qxe5 Kg5 55. Nf4 Bh5 56. Nxh5 Kxh5 57. Qxf5+ 1-0

[Event "Late-Titled-Tuesday-Blitz-July-09-2024"]
[Site "Chess.com"]
[Date "2024.07.09"]
[Round "6"]
[White "UB_TheQueen"]
[Black "Martins-BR"]
[Result "1-0"]
[WhiteElo "2115"]
[BlackElo "2346"]
[TimeControl "180+1"]
[EndTime "15:05:59 PDT"]
[Termination "UB_TheQueen won on time"]

1. e4 c5 2. Nf3 e6 3. d4 cxd4 4. Nxd4 Nf6 5. Nc3 d6 6. Bc4 Be7 7. Bb3 Na6 8. g4 Nc5 9. f3 a6 10. Be3 h6 11. Qd2 Qc7 12. O-O-O Bd7 13. h4 g6 14. Bxh6 O-O-O 15. Be3 Kb8 16. Kb1 Rc8 17. Rh2 Nxb3 18. axb3 Ka8 19. b4 d5 20. g5 Nh5 21.
exd5 Bxb4 22. dxe6 fxe6 23. Ncb5 Qa5 24. c3 Be7 25. b4 Qa4 26. Kb2 Bxb5 27. Ra1 Rhd8 28. Rxa4 Bxa4 29. Qe2 e5 30. Ne6 Bb5 31. Qe1 Rd3 32. Nc5 Bxc5 33. Bxc5 Rxf3 34. Qxe5 Nf4 35. Qg7 Nd3+ 36. Kb3 Nxc5+ 37. bxc5 Rxc5 38. Qxg6 Rcxc3+ 39. Kb2 Rb3+ 40. Ka2 Ra3+ 41. Kb2 Rfb3+ 42. Kc1 Ra1+ 43. Kd2 Ra2+ 44. Kc1 Rc3+ 45. Kb1 Rxh2 46. Qg8+ Ka7 47. Qd5 Rcc2 48. Qd4+ b6 49. Qg7+ Ka8 50. Qf8+ Kb7 51. Qe7+ Rc7 52. Qe4+ Bc6 53. Qe5 Rd2 54. g6 1-0

[Event "Late-Titled-Tuesday-Blitz-July-09-2024"]
[Site "Chess.com"]
[Date "2024.07.09"]
[Round "6"]
[White "manitodeplomo"]
[Black "merinasian"]
[Result "0-1"]
[WhiteElo "2609"]
[BlackElo "2455"]
[TimeControl "180+1"]
[EndTime "15:06:00 PDT"]
[Termination "merinasian won on time"]

1. e4 d6 2. d4 Nd7 3. c4 g6 4.
Nc3 Bg7 5. Nf3 e5 6. Be2 exd4 7. Nxd4 Ne7 8. Be3 O-O 9. Qd2 Nc6 10. O-O Nde5 11. Rad1 Ng4 12. Bxg4 Bxg4 13. f3 Bd7 14. Nd5 Ne5 15. b3 Be6 16. Bh6 Bxh6 17. Qxh6 Bxd5 18.
cxd5 Qf6 19. h3 c5 20. dxc6 Nxc6 21. Nf5 Rad8 22. Rf2 Qe5 23. Ne3 Ne7 24. Ng4 Qc3 25. e5 f5 26. Nf6+ Rxf6 27. exf6 Qxf6 28. Qf4 d5 29.
Rfd2 Kf7 30. Qc7 Qb6+ 31. Qxb6 axb6 32. Rc2 Nc6 33. Kf2 d4 34. a4 Ke6 35. Re2+ Kd5 36. Rde1 d3 37. Re8 Rd7 38. Ke3 Kc5 39. Kd2 Kb4 40.
R8e3 Na5 41. Rxd3 Nxb3+ 42. Ke3 Re7+ 43. Kf2 Rxe1 44. Kxe1 Kxa4 45. Rd7 Nc5 46. Rxh7 b5 47. Rg7 b4 48. Rxg6 b5 49. Rc6 Nd3+ 50. Kd2 Ne5 51.
Rc8 b3 52. Kc3 b4+ 53. Kb2 Nd3+ 54. Kb1 b2 55. h4 Kb3 56. h5 Nf4 57. Re8 Nd5 58.
Rc8 Nc3+ 0-1

[Event "Late-Titled-Tuesday-Blitz-July-09-2024"]
[Site "Chess.com"]
[Date "2024.07.09"]
[Round "6"]
[White "Goryachkina"]
[Black "Zhigalko_Sergei"]
[Result "0-1"]
[WhiteElo "2712"]
[BlackElo "2926"]
[TimeControl "180+1"]
[EndTime "15:06:01 PDT"]
[Termination "Zhigalko_Sergei won on time"]

1. d4 Nf6 2. c4 e6 3. g3 c5 4. d5 exd5 5. cxd5 d6 6. Nc3 g6 7. Nf3 Bg7 8. Bg2 O-O 9. O-O Re8 10. Bf4 a6 11. a4 Nh5 12. Bg5 Qc7 13. Rc1 h6 14.
Bd2 Nd7 15. Re1 Rb8 16. e4 b5 17. axb5 axb5 18. b4 Qd8 19. Qb3 cxb4 20. Qxb4 Nc5 21. Bf1 Bg4 22. Nh4 Bd7 23. Nd1 Nf6 24. f3 g5 25. Ng2 g4 26. fxg4 Ncxe4 27. Be3 Nxd5 28. Qb3 Nxe3 29. Ndxe3 Qb6 30. Qd3 Bxg4 31. Be2 Bf5 32. Bf3 Bg6 33. Qe2 Ng5 34. Kh1 Nxf3 35. Qxf3 Be4 36.
Qf4 Qb7 37. h3 Re6 38. Kh2 Rf6 39. Qg4 Rf2 40. Re2 Bf3 41. Rxf2 Bxg4 42. Nxg4 b4 43. Nf6+ Bxf6 44. Rxf6 b3 45. Rb1 Qe4 46. Rb2 Rc8 47. Rxd6 Rc2 48. Rd2 Rxd2 49. Rxd2 Qb1 50. Ne3 Qc1 51. Rd8+ Kh7 52. Ng4 b2 53. Nf6+ Kg7 54.
Nh5+ Kg6 55. Nf4+ Qxf4 56. gxf4 b1=Q 0-1

[Event "Late-Titled-Tuesday-Blitz-July-09-2024"]
[Site "Chess.com"]
[Date "2024.07.09"]
[Round "6"]
[White "PhileKhoob"]
[Black "GiorgianBarbosa"]
[Result "0-1"]
[WhiteElo "2377"]
[BlackElo "2509"]
[TimeControl "180+1"]
[EndTime "15:06:01 PDT"]
[Termination "GiorgianBarbosa won by checkmate"]

1. Nf3 Nf6 2. g3 e6 3. Bg2 d5 4. O-O Be7 5. d4 O-O 6. c4 a5 7. Nc3 c6 8. b3 b6 9. Bb2 Ba6 10. Nd2 b5 11. cxb5 cxb5 12. Rc1 Nbd7 13. Re1 b4 14. Na4 Bb5 15. e4 Bxa4 16. bxa4 Nb6 17. e5 Nfd7 18. f4 Rc8 19. Qb3 Rxc1 20. Bxc1 Qc7 21.
Bb2 Rc8 22. g4 Nc4 23. Rc1 Ndb6 24. f5 Qd7 25. Rd1 Qxa4 26. fxe6 fxe6 27. Bc1 Qxb3 28.
axb3 Ne3 29. Re1 Nxg2 30. Kxg2 Bg5 31. Kg3 a4 32. bxa4 Nxa4 33. h4 Rxc1 34. Rxc1 Bxd2 35.
Rc8+ Kf7 36. Rb8 Bc3 37. Rb7+ Kf8 38. Rb8+ Ke7 39. Rb7+ Ke8 40. Rxg7 b3 41. Rxh7 b2 42. Rb7 Bxd4 43. Kf4 Nc5 44. Rb8+ Kd7 45. g5 Nd3+ 46. Kg3 Bxe5+ 47. Kg4 Bxb8 48. g6 b1=Q 49. Kh5 Qg1 50. Kh6 Bf4+ 51. Kh7 Ne5 52. g7 Qg6+ 53. Kh8 Nf7+ 54.
Kg8 Bh6 55. Kf8 Qxg7# 0-1

[Event "Late-Titled-Tuesday-Blitz-July-09-2024"]
[Site "Chess.com"]
[Date "2024.07.09"]
[Round "6"]
[White "Igor_Janik"]
[Black "LikeWater"]
[Result "1-0"]
[WhiteElo "2895"]
[BlackElo "2671"]
[TimeControl "180+1"]
[EndTime "15:06:03 PDT"]
[Termination "Igor_Janik won on time"]

1. e4 c5 2. Nf3 e6 3. g3 d5 4.
exd5 exd5 5. d4 cxd4 6. Bg2 Bb4+ 7. Nbd2 Nc6 8. O-O Bxd2 9. Qxd2 Qf6 10. b3 Bg4 11. Qe2+ Nge7 12. Bb2 O-O 13. h3 Bxf3 14. Qxf3 Qg6 15. Qd1 Rfd8 16. Bxd4 Nxd4 17. Qxd4 Qxc2 18. Rfc1 Qg6 19. Qb4 Rd7 20. Rc5 Rad8 21. Rac1 h5 22. h4 Nc6 23. Qf4 Qe6 24. Rd1 g6 25. b4 Ne5 26. Qd4 Ng4 27. Rxd5 Rxd5 28. Bxd5 Qe2 29. Rd2 Qe1+ 30. Kg2 Kh7 31. Qf4 Rd7 32.
Rc2 Qd1 33. Bb3 Qd3 34. Rc8 Kg7 35. Re8 Qd2 36. Qf3 Qxb4 37. Re2 Qd4 38. Rc2 Qf6 39. Qe4 Qe5 40. Qc4 b6 41. Re2 Qd6 42. Qe4 Qd4 43.
Qf3 Qf6 44. Qe4 a5 45. Ba4 Rd4 46. Qc2 Qd6 47. Bb3 Nf6 48. Qc3 Rd3 49. Qb2 Qc6+ 50. Kh2 Rc3 51. Qd2 Rc1 52. Bd1 Qc5 53. Kg2 Qc6+ 54. f3 Rc5 55. Bb3 Qc7 56. Qd4 Rc6 57. Rd2 Qe7 58. g4 hxg4 59. fxg4 Qc5 60. Qf4 Qc3 61. Rf2 1-0

[Event "Late-Titled-Tuesday-Blitz-July-09-2024"]
[Site "Chess.com"]
[Date "2024.07.09"]
[Round "6"]
[White "nitpicker"]
[Black "Jahonas"]
[Result "0-1"]
[WhiteElo "2306"]
[BlackElo "2436"]
[TimeControl "180+1"]
[EndTime "15:06:06 PDT"]
[Termination "Jahonas won on time"]

1. d4 d5 2. c4 e6 3. Nf3 c6 4. Qc2 Nf6 5. g3 b6 6. Bg2 Bb7 7. O-O Nbd7 8. Rd1 Rc8 9. Nc3 Be7 10. e4 dxe4 11. Ng5 O-O 12. Ncxe4 h6 13. Nh3 Nxe4 14. Bxe4 Nf6 15. Bg2 Qc7 16. Bf4 Bd6 17. c5 bxc5 18. dxc5 Bxf4 19. Nxf4 Nd5 20. Ne2 a5 21. a3 Ba6 22. Nd4 Rb8 23. Rab1 Rb7 24. h4 Rfb8 25. Rd2 Ra7 26. Be4 Bc8 27.
Bd3 Bd7 28. Kg2 Be8 29. Be2 Qe5 30. Nf3 Qf6 31. Qe4 Rab7 32. Qd4 Nc3 33. Re1 Qxd4 34. Rxd4 Rxb2 35. Ba6 Nd5 36. Ne5 Kf8 37. Bc4 Ke7 38. Bxd5 cxd5 39. c6 Rc2 40. Kg1 Bxc6 41. Nxc6+ Rxc6 42. Rxd5 Ra8 43. Rb5 Rc3 44. a4 Rc4 45. Rb7+ Kf6 46.
Re3 Rf8 47. Rf3+ Kg6 48. Ra3 Rb4 49. Rxb4 axb4 50. Rb3 Rb8 51. a5 Kf5 52. a6 Ke5 53. a7 Ra8 54. Rxb4 Rxa7 55. Rf4 f5 56.
Kg2 g5 57. hxg5 hxg5 58. Rb4 Ra3 59. Rb5+ Kf6 60. Rb6 g4 61. Rb5 Kg5 62. Rc5 Ra2 63. Rb5 Re2 64. Rc5 e5 65. Rb5 f4 66. gxf4+ Kxf4 67. Rb4+ e4 68. Kf1 Ra2 69. Rb3 Ra1+ 70. Kg2 Rd1 71. Re3 Rd3 0-1

[Event "Late-Titled-Tuesday-Blitz-July-09-2024"]
[Site "Chess.com"]
[Date "2024.07.09"]
[Round "6"]
[White "LUISMIGUELOV"]
[Black "adrivillu"]
[Result "1-0"]
[WhiteElo "2214"]
[BlackElo "2417"]
[TimeControl "180+1"]
[EndTime "15:06:06 PDT"]
[Termination "LUISMIGUELOV won on time"]

1. d4 d5 2. c3 Nf6 3. Bg5 Ne4 4.
h4 c5 5. e3 Nc6 6. Nd2 Nxd2 7.
Qxd2 f6 8. Bf4 e5 9. Bg3 cxd4 10. exd4 exd4 11. Bb5 dxc3 12. bxc3 Bc5 13. Ne2 O-O 14. O-O Bf5 15. Nd4 Nxd4 16. cxd4 Bd6 17. Bxd6 Qxd6 18. Rfe1 a6 19. Bd3 Bxd3 20. Qxd3 Rfe8 21. Rab1 b5 22. a4 b4 23. a5 Re7 24. Rxe7 Qxe7 25. Qb3 Qe4 26.
g3 Qxd4 27. Qxb4 Qxb4 28. Rxb4 Kf7 29. Rb6 Ra7 30. Kf1 Kg6 31. Ke2 Kf5 32. f3 Ke5 33. Kd3 d4 34. h5 Kd5 35. Rb4 Rc7 36. Rxd4+ Ke5 37. Re4+ Kf5 38. g4+ Kg5 39. Re6 Ra7 40. Ke3 f5 41. gxf5 Kxh5 42. f6 g5 43. Re7 Ra8 44. Rxh7+ Kg6 45. Rb7 Kxf6 46. Rb6+ Kf5 47.
Rc6 Ra7 48. Rc5+ Kf6 49. Ke4 Re7+ 50. Kd4 Re6 51. Kd5 Re3 52. Rc6+ Kf5 53. Rxa6 Rxf3 54.
Ra8 Ra3 55. a6 g4 56. a7 Kf4 57. Rf8+ Kg3 58. a8=Q Rxa8 59. Rxa8 Kf2 60. Rf8+ 1-0

[Event "Late-Titled-Tuesday-Blitz-July-09-2024"]
[Site "Chess.com"]
[Date "2024.07.09"]
[Round "6"]
[White "bancsoo"]
[Black "Hattori-Hanzo78"]
[Result "1-0"]
[WhiteElo "2853"]
[BlackElo "2596"]
[TimeControl "180+1"]
[EndTime "15:06:08 PDT"]
[Termination "bancsoo won by checkmate"]

1. d4 c5 2. d5 d6 3. c4 Nf6 4.
Nc3 g6 5. e4 b5 6. cxb5 a6 7.
Nf3 Bg7 8. bxa6 O-O 9. Be2 Bxa6 10. O-O Nbd7 11. Nd2 Nb6 12. a4 Bxe2 13. Qxe2 Ra7 14. Ra3 Qa8 15. b3 Ne8 16. Nb5 Rb7 17. Nc4 Qa6 18. Bd2 Nc7 19. Nxc7 Rxc7 20. a5 Nd7 21. Qd3 Rb8 22. h4 Rcb7 23. h5 Rb5 24. h6 Bh8 25. Bc3 Rxb3 26. Rxb3 Rxb3 27. Rc1 Bd4 28.
g3 Ra3 29. Kg2 Rb3 30. Rc2 Qb5 31. Rc1 Nb8 32. Qd2 Qxc4 33. Bxd4 Qb5 34. Bc3 f6 35. Qf4 Qd7 36. Bd2 Kf7 37. g4 Na6 38. g5 Qc8 39.
Rh1 Qd7 40. Bc1 c4 41. gxf6 exf6 42. Be3 Rd3 43. Rb1 c3 44. Rb6 Nc5 45. Rxd6 Qe7 46. Bxc5 c2 47. Rc6 Qe5 48. Qxe5 fxe5 49. Be3 Rd1 50. Rxc2 g5 51. Rc7+ Kg6 52. a6 Ra1 53.
a7 Kh5 54. Rc8 Kg4 55. a8=Q Rxa8 56. Rxa8 Kh4 57. d6 g4 58. d7 g3 59. d8=Q+ Kh5 60. Qg5# 1-0

[Event "Late-Titled-Tuesday-Blitz-July-09-2024"]
[Site "Chess.com"]
[Date "2024.07.09"]
[Round "6"]
[White "NovoselovRoman"]
[Black "bubeliang"]
[Result "0-1"]
[WhiteElo "2567"]
[BlackElo "2800"]
[TimeControl "180+1"]
[EndTime "15:06:10 PDT"]
[Termination "bubeliang won by checkmate"]

1. e4 c6 2. d4 d5 3. Nc3 dxe4 4. Nxe4 Nf6 5. Ng3 e5 6. Be3 Ng4 7. Nf3 Nxe3 8. fxe3 exd4 9. exd4 Bd6 10. Bc4 O-O 11. O-O Bg4 12. Qd3 Bxg3 13. hxg3 Nd7 14. Rae1 b5 15.
Bb3 c5 16. dxc5 Nxc5 17. Qxb5 Nxb3 18. axb3 Rb8 19. Qa4 Bxf3 20. Rxf3 Qd2 21. Qe4 Rbc8 22. Rf2 Qd6 23. Rf3 Qc5+ 24. Rf2 g6 25. Rf1 Rce8 26. Qc4 Qe3 27. Kh2 Re5 28. Qf4 Qc5 29. g4 h5 30. b4 Qe7 31. gxh5 Rxh5+ 32. Kg1 Rh4 33.
Qf6 Qxf6 34. Rxf6 Rxb4 35. b3 Rb7 36. Rc6 Rd7 37. Rf4 Re8 38. Ra4 Re2 39. Rc3 Rdd2 40. Rg3 Re7 41. c3 Rb2 42. b4 Rc7 43. Ra5 Rb3 44.
Kf2 Kg7 45. Ke2 Rd7 46. Rd3 Rb2+ 47. Ke3 Re7+ 48. Kd4 Rxg2 49. Kc4 f5 50. Ra6 f4 51. Rdd6 f3 52. Rf6 Rf7 53. Rxf7+ Kxf7 54. Rxa7+ Kf6 55. Ra8 f2 56. Rf8+ Kg7 57. Rf3 g5 58. b5 g4 59.
Rf4 g3 60. b6 Rg1 61. Kc5 f1=Q 62. Rxf1 Rxf1 63. c4 Rb1 64. Kc6 g2 65. c5 g1=Q 66.
Kb7 Qxc5 67. Ka8 Rxb6 68. Ka7 Qa5# 0-1

[Event "Late-Titled-Tuesday-Blitz-July-09-2024"]
[Site "Chess.com"]
[Date "2024.07.09"]
[Round "6"]
[White "LidongW"]
[Black "CapivaraBondoso"]
[Result "0-1"]
[WhiteElo "2270"]
[BlackElo "2138"]
[TimeControl "180+1"]
[EndTime "15:06:10 PDT"]
[Termination "CapivaraBondoso won on time"]

1. e4 c5 2. c3 Nf6 3. e5 Nd5 4. d4 cxd4 5. Nf3 d6 6. Bc4 Nb6 7. Bb3 Nc6 8. exd6 Qxd6 9. O-O g6 10. cxd4 Bg7 11. d5 Na5 12. Ba4+ Bd7 13. Bxd7+ Qxd7 14. Nc3 O-O 15. Be3 Nac4 16. Bxb6 Nxb6 17. Rc1 Rad8 18. Re1 Rfe8 19. Ne5 Qf5 20. Qf3 Qxf3 21. Nxf3 Bxc3 22. bxc3 Nxd5 23. c4 Nf4 24. Rb1 b6 25. c5 Nd3 26.
Rec1 Nxc5 27. g3 e5 28. Kg2 e4 29. Ng5 h6 30. Nh3 Rd2 31. a3 Red8 32. Kf1 Ra2 33. Rc3 Rdd2 34. Re1 Kg7 35. Rce3 f5 36. R3e2 Nd3 37.
Rxd2 Rxd2 38. Rb1 Ra2 39. Rb3 Nc5 40. Rc3 Kf6 41. Nf4 Rd2 42. Ke1 Rd6 43. Ke2 g5 44.
Ng2 Ke5 45. Ne3 Rd3 46. Rc2 f4 47. Nc4+ Kd4 48. gxf4 gxf4 49. Nd6 f3+ 50. Ke1 Rxa3 51. Nb5+ Kd3 52. Nxa3 Nb3 53. Rc7 a5 54. Rb7 b5 55.
Rxb5 Nd4 56. Rxa5 e3 57. fxe3 Kxe3 58. Re5+ Kf4 59. Re8 Kg4 0-1